Map: 사이버 포레스트 - 래더

Players

Minato

  • Race: Zerg Zerg
  • Spawn Location: 11:00

Hurricane - Winner!

  • Race: Protoss Protoss
  • Spawn Location: 5:00

Event: IEM Season 13: Katowice (2019)

VOD

Have the link to the VOD?

Description

Time

  • Played on: Feb. 26, 2019, 4:11 a.m.
  • Length: 7:16

All games in this series

Show
View Real Time Build Order
Export as new Build Order

Minato Zerg 

Build Orders: Hatch First 

Get SALT Encoding   

  12  0:07  Overlord  
  12  0:15  Drone  
  12  0:17  Drone  
  14  0:26  Drone  
  15  0:29  Drone  
  16  0:40  Drone  
  17  0:53  Hatchery  
  17  0:55  Drone  
  17  1:01  Drone  
  18  1:10  Extractor  
  17  1:15  Spawning Pool  
  17  1:18  Drone  
  17  1:22  Drone  
  18  1:33  Drone  
  19  1:45  Overlord  
  19  1:57  Drone  
  20  2:01  Queen  
  20  2:05  Queen, Drone  
  20  2:06  Drone  
  26  2:10  Metabolic Boost  
  26  2:16  Drone x2  
  28  2:26  Drone  
  28  2:27  Drone  
  30  2:37  Queen, Zergling x4  
  34  2:47  Pneumatized Carapace  
  34  2:48  Overlord  
  34  2:50  Overlord  
  34  3:03  Drone x2  
  36  3:14  Drone x7  
  36  3:19  Drone  
  44  3:24  Lair  
  44  3:25  Overlord  
  44  3:33  Spore Crawler, Drone  
  44  3:45  Drone  
  44  3:46  Drone x2  
  44  3:47  Hatchery  
  44  3:48  Drone  
  47  3:51  Extractor  
  47  3:52  Drone x2  
  47  3:53  Extractor  
  47  3:55  Drone  
  48  3:56  Drone  
  48  4:05  Drone  
  48  4:07  Drone x3  
  52  4:12  Spore Crawler  
  52  4:15  Zergling x2  
  52  4:18  Zergling x2  
  52  4:23  Zergling x4  
  52  4:24  Zergling x2  
  56  4:25  Zergling x2  
  57  4:34  Drone  
  57  4:36  Hydralisk Den  
  57  4:42  Overlord x3  
  57  4:43  Overlord  
  57  4:51  Zergling x4  
  59  4:56  Zergling x2  
  60  5:02  Zergling x4  
  60  5:03  Zergling x2  
  57  5:07  Zergling x4  
  57  5:08  Zergling x6  
  60  5:14  Zergling x4  
  60  5:17  Zergling x2  
  57  5:22  Hydralisk x2  
  57  5:26  Hydralisk  
  60  5:30  Zergling x2  
  60  5:33  Zergling x2  
  59  5:38  Zergling x4  
  59  5:39  Zergling x2  
  58  5:52  Queen  
  58  5:54  Zergling x4  
  54  5:57  Zergling x2  
  54  6:03  Hydralisk  
  47  6:05  Zergling x2  
  47  6:09  Zergling x2  
  47  6:17  Zergling x2  
  47  6:18  Zergling x2  
  46  6:30  Hydralisk  
  46  6:31  Zergling x2  
  49  6:36  Zergling x4  
  49  6:38  Zergling x2  
  52  6:45  Zergling x4  
  53  6:49  Zergling x4  
  53  6:52  Zergling x2  
  55  6:56  Zergling x2  
  55  6:59  Zergling x2  
Show
View Real Time Build Order
Export as new Build Order

Hurricane Protoss - Winner!

Build Orders: 1 Gate Expand, Oracle Opening 

Get SALT Encoding   

  12  0:00  Probe  
  13  0:13  Probe  
  14  0:19  Pylon  
  14  0:25  Probe  
  15  0:33  Probe  
  15  0:38  Gateway  
  15  0:41  Probe  
  16  0:49  Assimilator  
  17  0:51  Probe  
  18  1:03  Probe  
  19  1:16  Probe  
  20  1:26  Nexus  
  20  1:37  Cybernetics Core  
  20  1:40  Probe  
  20  1:45  Assimilator  
  21  1:52  Probe  
  22  1:55  Pylon  
  22  2:04  Adept, Probe  
  25  2:16  Probe  
  25  2:20  Stargate  
  26  2:28  Warp Gate, Probe  
  27  2:34  Adept, Probe  
  27  2:36  Probe  
  29  2:42  Probe  
  31  2:44  Probe  
  33  2:52  Probe  
  33  2:55  Probe, Oracle  
  35  3:04  Probe  
  39  3:07  Probe  
  40  3:16  Probe, Pylon  
  40  3:19  Probe  
  42  3:22  Gateway  
  42  3:27  Gateway  
  42  3:31  Probe x2  
  44  3:36  Oracle  
  44  3:40  Adept  
  49  3:43  Probe x2  
  51  3:49  Pylon  
  51  3:54  Assimilator  
  51  3:55  Probe  
  51  3:57  Assimilator  
  51  3:58  Probe  
  53  4:07  Probe  
  54  4:10  Void Ray  
  54  4:11  Robotics Facility  
  54  4:12  Probe  
  54  4:15  Pylon  
  59  4:25  Probe  
  60  4:32  Pylon  
  60  4:33  Adept  
  60  4:34  Adept, Zealot  
  66  4:43  Probe  
  66  4:44  Probe  
  68  4:47  Pylon  
  68  5:09  Probe  
  69  5:19  Stalker x2  
  69  5:20  Zealot  
  75  5:22  Probe  
  74  5:32  Probe  
  64  5:38  Immortal  
  63  5:43  Probe  
  63  5:44  Adept x3  
  63  5:47  Probe  
  64  5:55  Probe  
  61  5:59  Probe  
  62  6:08  Probe  
  63  6:11  Probe  
  64  6:20  Probe  
  64  6:23  Probe  
  58  6:28  Nexus  
  58  6:29  Probe  
  58  6:30  Pylon  
  58  6:31  Twilight Council  
  58  6:32  Probe  
  59  6:36  Forge  
  59  6:37  Probe  
  58  6:40  Probe  
  58  6:46  Probe  
  59  6:50  Sentry x3, Probe  
  67  6:58  Probe  
  68  7:02  Probe  

Tags
 
Add a new tag
Caveats
  • Supply blocks, unpowered buildings, or Contaminate may cause inaccurate times.
  • Supply counts are checked every 10 seconds.